 Dungeon Crawl Stone Soup version 0.30.0-29-ga12c61a403 (webtiles) character file.

Game seed: 6851333226285455019

9165 DildoBatman the Reanimator (level 11, -1/84 HPs)
             Began as a Formicid Conjurer on June 15, 2023.
             Was an Initiate of Gozag.
             Slain by a cyclops (19 damage)
             ... on level 11 of the Dungeon.
             The game lasted 00:34:21 (10996 turns).

DildoBatman the Reanimator (Formicid Conjurer)     Turns: 10996, Time: 00:34:22

Health: -1/84      AC: 14    Str: 11    XL:     11   Next: 69%
Magic:  11/21      EV: 12    Int: 25    God:    Gozag
Gold:   1654       SH:  6    Dex: 18    Spells: 18/24 levels left

rFire   . . .        a - +4 mace "Loopy" {flame, rPois Int+2}
rCold   . . .        h - +0 buckler
rNeg    . . .        O - +0 swamp dragon scales
rPois   +            (helmet unavailable)
rElec   .            (no cloak)
rCorr   .            (no gloves)
SInv    +            p - +0 pair of boots
Will    +....        m - amulet of magic regeneration
Stlth   ++           M - +4 ring of protection
HPRegen 0.34/turn    L - +6 ring of dexterity
MPRegen 0.57/turn

%: no passive effects
@: no status effects
A: permanent stasis, dig shafts and tunnels, antennae 3, four strong arms
a: Dig, Shaft Self, Renounce Religion, Potion Petition, Call Merchant, Bribe
Branch


You were on level 11 of the Dungeon.
You worshipped Gozag.
Gozag was most pleased with you.
You visited 2 branches of the dungeon, and saw 12 of its levels.

You collected 1881 gold pieces.
You paid 227 gold pieces to Gozag.

Inventory:

Hand Weapons
 a - the +4 mace "Loopy" (weapon) {flame, rPois Int+2}
   (You found it on level 9 of the Dungeon)

   Int:       It affects your intelligence (+2).
   rPois:     It protects you from poison.
 b - a +0 shortbow
Missiles
 q - 7 javelins
 F - 43 poisoned darts
 P - a throwing net
Armour
 h - a +0 buckler (worn)
 p - a +0 pair of boots (worn)
 O - +0 swamp dragon scales (worn)
 T - a +1 robe of cold resistance
Magical Staves
 o - a staff of poison
Jewellery
 g - an amulet of reflection
 m - an amulet of magic regeneration (around neck)
 L - a +6 ring of dexterity (right hand)
 M - a +4 ring of protection (left hand)
 N - a ring of fire
Wands
 l - a wand of flame (18)
 G - a wand of light (16)
 I - a wand of charming (17)
 Q - a wand of iceblast (9)
Scrolls
 c - 2 scrolls of immolation {unknown}
 i - 6 scrolls of identify
 k - 2 scrolls of enchant weapon
 n - 2 scrolls of noise {unknown}
 r - 5 scrolls of blinking {unknown}
 v - 2 scrolls of fog {unknown}
 w - a scroll of vulnerability {unknown}
 y - 4 scrolls of acquirement
 z - a scroll of fear {unknown}
 A - a scroll of butterflies {unknown}
 B - 2 scrolls of silence
 D - 2 scrolls of torment {unknown}
 K - 2 scrolls of enchant armour {unknown}
 U - a scroll of brand weapon {unknown}
Potions
 d - 4 potions of curing
 e - a potion of haste {unknown}
 f - a potion of heal wounds {unknown}
 j - 3 potions of might
 s - a potion of ambrosia
 t - 2 potions of resistance {unknown}
 u - a potion of mutation {unknown}
 x - a potion of invisibility {unknown}
 C - 2 potions of berserk rage {unknown}
 E - 4 potions of magic
 H - 2 potions of cancellation {unknown}
 J - 2 potions of lignification {unknown}
 R - 7 potions of degeneration {unknown}
 S - 4 potions of flight {unknown}


   Skills:
 * Level 7.4 Fighting
 * Level 7.4 Armour
 * Level 5.4 Dodging
 - Level 3.0 Stealth
 * Level 7.1 Shields
 - Level 7.0 Spellcasting
 - Level 6.0 Conjurations
 - Level 9.0 Necromancy


You had 18 spell levels left.
You knew the following spells:

 Your Spells              Type           Power      Damage    Failure   Level
a - Searing Ray           Conj           76%        2d7       2%          2
c - Magic Dart            Conj           100%       1d8       1%          1
d - Vampiric Draining     Necr           52%        2d9       1%          3

Your spell library contained the following spells:

 Spells                   Type           Power      Damage    Failure   Level
 Necrotise                Necr           100%       1d9       1%          1
 Agony                    Necr           52%        N/A       13%         5
 Dazzling Flash           Conj/Hex       46%        N/A       16%         3
 Hailstorm                Conj/Ice       23%        3d7       16%         3
 Flame Wave               Conj/Fire      23%        2d8       47%         4
 Fulminant Prism          Conj/Hex       11%        3d9       47%         4
 Iskenderun's Mystic Bla  Conj/Tloc      23%        2d6       47%         4
 Sticky Flame             Conj/Fire      23%        2d4       47%         4
 Ignite Poison            Fire/Tmut/Pois 8%         N/A       50%         3
 Inner Flame              Hex/Fire       8%         N/A       50%         3
 Ozocubu's Armour         Ice            8%         N/A       50%         3
 Summon Guardian Golem    Hex/Summ       8%         N/A       50%         3
 Ice Form                 Ice/Tmut       8%         N/A       88%         4
 Orb of Destruction       Conj           19%        9d8       100%        7
 Spellforged Servitor     Conj/Summ      11%        N/A       100%        7
 Borgnjor's Revivificati  Necr           26%        N/A       100%        8
 Necromutation            Tmut/Necr      15%        N/A       100%        8
 Simulacrum               Ice/Necr       Unusable   N/A       N/A         6

Dungeon Overview and Level Annotations

Branches:
Dungeon (11/15)            Temple (1/1) D:5            Lair (0/5) D:10
    Orc (0/2) D:9

Altars:
Ashenzari
Cheibriados
Dithmenos
Elyvilon
Fedhas
Gozag
Hepliaklqana
Kikubaaqudgha
Makhleb
Nemelex Xobeh
Okawaru
Qazlal
Ru
Sif Muna
Trog
Uskayaw
Vehumet
Wu Jian
Xom
Yredelemnul
Zin
The Shining One

Annotations:
D:8 Gastronok
D:9 1 exclusion
D:11 3 runed translucent doors, dvd2's ghost, journeyman DsVM


Innate Abilities, Weirdness & Mutations

You cannot be hasted, slowed, berserked, paralysed or teleported.
You can dig through walls and to a lower floor.
You have a pair of large antennae on your head. (SInv)
Your four strong arms can wield two-handed weapons with a shield.


Message History

The cyclops is moderately wounded.
The cyclops hits you!!
Casting: Vampiric Draining (safe; 1% risk of failure)
Confirm with . or Enter, or press ? or * to list all spells.
Aiming: Searing Ray (safe; 2% risk of failure)
Press: ? - help, Shift-Dir - straight line, f - cyclops
Aim: a cyclops, quivering large rocks (moderately wounded, 98% to hit)
The searing ray misses the cyclops. (Press . to maintain the ray.)
The searing ray hits the cyclops but does no damage.
The cyclops is moderately wounded.
The cyclops hits you!!
The searing ray hits the cyclops.
The cyclops is moderately wounded.
The cyclops hits you!
Casting: Searing Ray (safe; 2% risk of failure)
Confirm with . or Enter, or press ? or * to list all spells.
Aiming: Vampiric Draining (safe; 1% risk of failure)
Press: ? - help, Shift-Dir - straight line, f/p - cyclops
Aim: a cyclops, quivering large rocks (moderately wounded)
You draw life force from the cyclops.
You feel life coursing into your body.
Casting: Vampiric Draining (safe; 1% risk of failure)
Confirm with . or Enter, or press ? or * to list all spells.
Aiming: Vampiric Draining (safe; 1% risk of failure)
Press: ? - help, Shift-Dir - straight line, f/p - cyclops
Aim: a cyclops, quivering large rocks (heavily wounded)
You draw life force from the cyclops!
You feel life coursing into your body. The cyclops hits you!
Casting: Vampiric Draining (safe; 1% risk of failure)
Confirm with . or Enter, or press ? or * to list all spells.
Aiming: Vampiric Draining (safe; 1% risk of failure)
Press: ? - help, Shift-Dir - straight line, f/p - cyclops
Aim: a cyclops, quivering large rocks (severely wounded)
You draw life force from the cyclops!
You feel life coursing into your body. The cyclops hits you!!
You die...
Your body crumbles into a pile of gold.

###.#.........
####.............
##..#........####.
#............##.#.
#.....>......#...
#..............##
##............#### ####
##................#
#...###C@..............##
#......##.....$)........#
####..#.. #................
#.....#.## ##..##.......<...
#........###...###......#...
#<...........####.##..####.
###.##................#....
#.............##.....#.
#...#........###.######


You could see a cyclops.

Vanquished Creatures
  A two-headed ogre (D:11)
  Pikel (D:6)
  An elephant (D:10)
  A manticore (D:11)
  Maggie (D:6)
  2 unseen horrors (D:10)
  A komodo dragon (D:11)
  A troll (D:11)
  Prince Ribbit (D:6)
  A wyvern (D:10)
  A wraith (D:11)
  5 yaks (D:11)
  A steam dragon (D:10)
  Menkaure (D:5)
  A water moccasin (D:6)
  An orc warrior (D:9)
  2 ice beasts (D:6)
  3 black bears
  3 ogres
  The ghost of Zippel the Ducker, an amateur DsMo (D:3)
  3 centaurs
  A lemure (D:6)
  3 bullfrogs
  6 kobold brigands
  3 scorpions
  15 wights
  10 killer bees
  An electric eel (D:8)
  8 howler monkeys
  A crimson imp (D:7)
  6 hounds
  2 jellies
  6 orc priests
  9 orc wizards
  Natasha (thrice) (D:2)
  3 iguanas
  8 gnolls
  8 adders
  A shadow imp (D:8)
  A white imp (D:7)
  An ufetubus (D:4)
  5 worms
  5 dart slugs
  30 orcs
  5 ball pythons
  3 endoplasms
  A giant cockroach (D:2)
  7 hobgoblins
  5 quokkas
  12 bats
  5 frilled lizards
  7 goblins
  34 kobolds
  9 rats
257 creatures vanquished.

Notes
Turn   | Place    | Note
-------+----------+-------------------------------------------
     0 | D:1      | DildoBatman the Formicid Conjurer began the quest for the
                  | Orb.
     0 | D:1      | Reached XP level 1. HP: 13/13 MP: 3/3
    58 | D:1      | Reached XP level 2. HP: 12/19 MP: 1/5
    61 | D:1      | Learned a level 2 spell: Searing Ray
   321 | D:1      | Got the Textbook on the Shadowy Pyromaniac
   507 | D:1      | Reached XP level 3. HP: 25/25 MP: 2/6
   570 | D:1      | Reached skill level 1 in Armour
   730 | D:2      | Reached skill level 1 in Fighting
   777 | D:2      | Reached skill level 1 in Shields
   984 | D:2      | Found a faded altar of an unknown god.
  1031 | D:2      | Reached XP level 4. HP: 29/32 MP: 4/7
  1063 | D:2      | Learned a level 3 spell: Vampiric Draining
  1292 | D:2      | Noticed Natasha
  1675 | D:3      | Reached XP level 5. HP: 34/37 MP: 2/9
  1950 | D:3      | You fall into a shaft and drop 2 floors!
  1950 | D:5      | Entered Level 5 of the Dungeon
  2146 | D:5      | Found a staircase to the Ecumenical Temple.
  2179 | Temple   | Entered the Ecumenical Temple
  2346 | D:5      | You fall into a shaft and drop 1 floor!
  2416 | D:6      | Noticed an ice beast
  2734 | D:4      | Reached XP level 6. HP: 44/44 MP: 6/10
  2951 | D:4      | Found a glowing silver altar of Zin.
  3728 | D:5      | Noticed Menkaure
  3740 | D:5      | Reached XP level 7. HP: 39/51 MP: 9/12
  3837 | D:6      | Noticed Maggie
  4207 | D:6      | Noticed Prince Ribbit
  4214 | D:6      | You fall into a shaft and drop 2 floors!
  4488 | D:7      | Reached XP level 8. HP: 21/59 MP: 10/14
  4533 | D:7      | Found a burning altar of Makhleb.
  4534 | D:7      | Found a radiant altar of Vehumet.
  4586 | D:7      | Found a hazy altar of Hepliaklqana.
  4705 | D:7      | Reached skill level 5 in Conjurations
  5179 | D:7      | Reached skill level 5 in Spellcasting
  5179 | D:7      | Reached skill level 1 in Necromancy
  5189 | D:7      | Found a stormy altar of Qazlal.
  5510 | D:6      | Noticed Pikel
  5540 | D:6      | Found a sacrificial altar of Ru.
  5541 | D:6      | Found a sparkling altar of Nemelex Xobeh.
  5542 | D:6      | Found a bloodstained altar of Trog.
  5614 | D:6      | Reached XP level 9. HP: 56/67 MP: 13/16
  5617 | D:6      | Reached skill level 5 in Armour
  5617 | D:6      | Reached skill level 2 in Necromancy
  5631 | D:6      | Identified 2 scrolls of acquirement
  5782 | D:6      | Reached skill level 5 in Fighting
  5868 | D:6      | You fall into a shaft and drop 1 floor!
  5991 | D:8      | Found an opulent altar of Gozag.
  6002 | D:8      | Became a worshipper of Gozag Ym Sagoz the Greedy
  6111 | D:2      | Killed Natasha
  6142 | D:2      | Noticed Natasha
  6147 | D:2      | Killed Natasha
  6394 | D:2      | Noticed Natasha
  6397 | D:2      | Killed Natasha
  6398 | D:2      | Reached skill level 3 in Necromancy
  6450 | D:3      | Found a runed translucent gate.
  6453 | D:3      | Found a runed translucent gate.
  6475 | D:3      | Found a runed translucent gate.
  6477 | D:3      | Noticed Zippel's ghost (amateur DsMo)
  6968 | D:5      | Killed Menkaure
  6997 | D:5      | Got the Quarto of Cold
  7248 | D:6      | Reached skill level 4 in Necromancy
  7277 | D:6      | Killed Prince Ribbit
  7305 | D:6      | Killed Pikel
  7306 | D:6      | Reached skill level 5 in Necromancy
  7306 | D:6      | Reached XP level 10. HP: 72/74 MP: 10/20
  7480 | D:8      | Found an ornate altar of the Wu Jian Council.
  7493 | D:8      | Reached skill level 6 in Necromancy
  7594 | D:8      | Reached skill level 7 in Necromancy
  8028 | D:8      | Reached skill level 8 in Necromancy
  8204 | D:6      | Killed Maggie
  8605 | D:3      | Killed Zippel's ghost
  8606 | D:3      | Reached skill level 9 in Necromancy
  8625 | D:3      | You fall into a shaft and drop 2 floors!
  8628 | D:5      | You fall into a shaft and drop 2 floors!
  8805 | D:9      | Identified the +4 mace "Loopy" {flame, rPois Int+2}
  8843 | D:9      | Noticed Gastronok
  9303 | D:9      | Found a staircase to the Orcish Mines.
  9366 | D:10     | Entered Level 10 of the Dungeon
  9542 | D:10     | Reached XP level 11. HP: 81/81 MP: 17/21
  9674 | D:10     | Reached skill level 5 in Shields
  9741 | D:10     | Found a staircase to the Lair.
  9759 | D:10     | Noticed an elephant
  9789 | D:10     | Killed an elephant
 10483 | D:11     | Found a runed translucent gate.
 10483 | D:11     | Found a runed translucent gate.
 10483 | D:11     | Found a runed translucent gate.
 10485 | D:11     | Noticed dvd2's ghost (journeyman DsVM)
 10485 | D:11     | Noticed an 11-headed hydra
 10590 | D:11     | Noticed a manticore
 10603 | D:11     | Killed a manticore
 10653 | D:11     | Reached skill level 5 in Dodging
 10704 | D:11     | Noticed a cyclops
 10851 | D:11     | Noticed a two-headed ogre
 10860 | D:11     | Killed a two-headed ogre
 10996 | D:11     | Slain by a cyclops

Illustrated notes

Levels and vault maps discovered:
D:1:      minmay_arrival_four_circles, layout_rooms, kennysheep_minor_cross
D:2:      layout_basic, basic_ecumenical_altar, minmay_distorted, uniq_natasha
D:3:      layout_loops_ring, gammafunk_ghost_nasty_kobolds
D:4:      layout_loops_corners, zin_academy, st_stairs_4,
          kennysheep_generic_room_13
D:5:      layout_basic, minmay_temple_entry_waves, uniq_menkaure
D:6:      layout_basic, gammafunk_temple_overflow_claw, lexackson_kobold_supper,
          uniq_maggie, uniq_prince_ribbit1, uniq_pikel
D:7:      layout_layer_cave, grunt_temple_overflow_lords_of_destruction,
          mainiacjoe_overflow_alcove_2, marbit_many_paths
D:8:      layout_loops_cross, nicolae_wu_jian_wuxing_cycle,
          grunt_gozag_breadcrumbs, minivault_4
D:9:      layout_basic, minmay_orc_entry_temple_small, uniq_gastronok
D:10:     layout_stronghold, david_lair_generic
D:11:     layout_cave_pools, gammafunk_ghost_hydra_chop
Temple:   hellmonk_temple_flake

Skill      XL: |  1  2  3  4  5  6  7  8  9 10 11 |
---------------+----------------------------------+-----
Dodging        | 2 3 5 |  5.4
Armour         | 1 2 3 4 5 7 |  7.4
Fighting       | 1 2 3 4 5 7 |  7.4
Shields        | 1 2 3 4 7 |  7.1
Stealth        | 3 |  3.0
Conjurations   | 4 5 6 |  6.0
Spellcasting   | 3 4 5 7 |  7.0
Necromancy     | 1 5 9 |  9.0

Action                     |  1- 3 |  4- 6 |  7- 9 | 10-12 || total
---------------------------+-------+-------+-------+-------++-------
  Melee: Dagger            |     9 |       |       |       ||     9
         Unarmed           |     4 |       |       |       ||     4
         Spear             |    17 |    37 |       |       ||    54
         Morningstar       |       |       |     1 |    16 ||    17
         Mace              |       |       |       |    50 ||    50
   Fire: Shortbow          |       |       |    43 |    25 ||    68
   Cast: Magic Dart        |    36 |    32 |     5 |    24 ||    97
         Searing Ray       |     4 |    28 |    60 |    85 ||   177
         Vampiric Draining |       |       |     3 |    32 ||    35
Ability: Shaft Self        |       |     1 |     2 |     2 ||     5
         Dig               |       |     1 |       |       ||     1
    Use: Scroll            |       |     3 |     4 |       ||     7
   Stab: Sleeping          |     1 |     2 |       |     1 ||     4
         Distracted        |       |       |       |     2 ||     2
 Armour: Robe              |     2 |     6 |     9 |     1 ||    18
         Swamp dragon scal |       |       |       |   104 ||   104
  Dodge: Dodged            |    19 |    48 |    64 |   135 ||   266
  Block: Buckler           |       |     4 |    18 |    66 ||    88
